 Dungeon Crawl Stone Soup version 0.22-a0-570-g58866f5 (webtiles) character file.

2409 Gildeon the Digger (level 9, -3/50 HPs)
             Began as a Gargoyle Earth Elementalist on June 30, 2018.
             Was a Follower of Sif Muna.
             Killed from afar by an orc wizard (12 damage)
             ... with a puff of frost
             ... on level 7 of the Dungeon.
             The game lasted 00:54:47 (5885 turns).

Gildeon the Digger (Gargoyle Earth Elementalist)    Turns: 5885, Time: 00:54:48

Health: -3/50      AC: 11    Str: 13    XL:     9   Next: 47%
Magic:  5/16       EV: 12    Int: 18    God:    Sif Muna [*.....]
Gold:   468        SH:  3    Dex: 10    Spells: 0/18 levels left

rFire    + . .     SeeInvis .   m - +0 whip (elec)
rCold    x . .     Gourm    .   (no shield)
rNeg     + . .     Faith    .   c - +1 robe
rPois    ∞         Spirit   .   l - +0 helmet
rElec    +         Reflect  +   (no cloak)
rCorr    .         Harm     .   t - +0 pair of gloves
MR       .....                  (no boots)
Stlth    +++.......             B - +3 amulet of reflection
HPRegen  0.16/turn              f - ring of fire
MPRegen  0.15/turn              (no ring)

@: very slightly contaminated, invisible
A: negative energy resistance 1, electricity resistance, unbreathing,
petrification resistance, rot immunity, AC +6
a: Divine Energy, Renounce Religion


You were on level 7 of the Dungeon.
You worshipped Sif Muna.
Sif Muna was aware of your devotion.
You were not hungry.

You visited 2 branches of the dungeon, and saw 8 of its levels.

You collected 468 gold pieces.

Inventory:

Hand Weapons
 a - a +0 whip of flaming
 m - a +0 whip of electrocution (weapon)
 n - a +1 flail of crushing
Armour
 c - a +1 robe (worn)
 l - a +0 helmet (worn)
 t - a +0 pair of gloves (worn)
Jewellery
 f - a ring of fire (left hand)
 B - a +3 amulet of reflection (around neck)
Wands
 b - a wand of digging (16)
 r - a wand of disintegration (14)
 y - a wand of random effects (18)
Scrolls
 h - 3 scrolls of teleportation
 i - 3 scrolls of amnesia
 j - 5 scrolls of remove curse
 k - a scroll of blinking
 o - a scroll of fog
 C - a scroll of fear
Potions
 g - a potion of magic
 p - a potion of mutation {unknown}
 q - 2 potions of degeneration {unknown}
 s - a potion of curing {unknown}
 u - 2 potions of invisibility
 v - a potion of haste {unknown}
 w - 2 potions of berserk rage {unknown}
Comestibles
 d - 12 rations


   Skills:
 - Level 3.0 Fighting
 - Level 2.0 Maces & Flails
 - Level 3.0 Armour
 - Level 2.0 Dodging
 - Level 5.0 Stealth
 - Level 5.0 Spellcasting
 - Level 5.0 Conjurations
 - Level 5.0 Transmutations
 + Level 2.3 Ice Magic
 - Level 5.0 Earth Magic
 + Level 2.5 Invocations
 + Level 1.4 Evocations


You couldn't memorise any spells.
You knew the following spells:

 Your Spells              Type           Power        Failure   Level  Hunger
a - Sandblast             Erth           ###...       1%          1    None
b - Passwall              Tmut/Erth      ###.....     2%          2    #......
c - Stone Arrow           Conj/Erth      ###...       4%          3    ##.....
d - Petrify               Tmut/Erth      ###.....     17%         4    ####...
e - Lee's Rapid Deconstr  Erth           ###.......   43%         5    ######.
f - Freeze                Ice            ##..         5%          1    None
g - Throw Frost           Conj/Ice       ###...       4%          2    #......

Your spell library contained the following spells:

 Spells                   Type           Power        Failure   Level  Hunger
 Summon Ice Beast         Ice/Summ       #.......     63%         4    ####...
 Ozocubu's Armour         Chrm/Ice       #.......     26%         3    ##.....
 Throw Icicle             Conj/Ice       ###.....     28%         4    ####...


Dungeon Overview and Level Annotations

Branches:
Dungeon (7/15)             Temple (1/1) D:5

Altars:
Ashenzari
Cheibriados
Dithmenos
Fedhas
Gozag
Hepliaklqana
Kikubaaqudgha
Makhleb
Nemelex Xobeh
Okawaru
Qazlal
Ru
Sif Muna
Uskayaw
Vehumet
Wu Jian
Xom
The Shining One

Shops:
D:4 *

Annotations:
D:4 1 runed door, Ripsaw's ghost, amateur DENe
D:7 Joseph


Innate Abilities, Weirdness & Mutations

You are resistant to torment.
Your stone body is resilient. (AC +6)
You are immune to poison.
You resist negative energy. (rN+)
You are resistant to electric shocks. (rElec)
You can survive without breathing.
You are immune to petrification.
You are immune to rotting.


Message History

The puff of frost hits you!
Okay, then.
Casting: Sandblast (safe; 1% risk of failure)
Confirm with . or Enter, or press ? or * to list all spells.
You can't see any susceptible monsters within range! (Use Z to cast anyway.)
You miss something. Something barely misses you.
It was a potion of invisibility.
You fade into invisibility!
You hear some strange, mumbled words.
A puff of flame appears from out of thin air!
The puff of flame misses you. Something hits you but does no damage.
You are very lightly contaminated with residual magic.
Items here: )) [ †† a mace; a hand axe; a plate armour; an orc corpse x2
Things that are here:
a club; a leather armour You hear some strange, mumbled words.
A puff of frost appears from out of thin air!
The puff of frost hits you!
You feel a terrible chill!
You die...

###
##.#########
#...[.......
##)#########
#)# #.# #.#
############.#
#....@.......#
#.############


There were no monsters in sight!

Vanquished Creatures
  Pikel (D:6)
  2 orc warriors
  A slave (D:6)
  A sky beast (D:5)
  2 ogres
  A centaur (D:5)
  3 bullfrogs
  5 howler monkeys
  2 centaur zombies
  3 crimson imps
  2 bullfrog skeletons (D:6)
  A hound (D:4)
  5 orc priests
  A jelly (D:5)
  A centaur skeleton (D:4)
  Jessica (D:2)
  3 orc wizards
  4 worker ants
  A killer bee zombie (D:6)
  4 hound zombies
  A hound skeleton (D:4)
  3 howler monkey zombies
  2 worker ant zombies
  8 gnolls (D:3)
  5 adders
  A shadow imp (D:6)
  7 adder zombies
  2 adder skeletons
  2 worms
  A dart slug (D:3)
  4 leopard geckos
  10 orcs
  2 ball pythons
  6 giant cockroaches
  9 goblins
  7 hobgoblins
  10 jackals
  5 bats
  3 frilled lizards
  2 jackal skeletons
  A jackal zombie (D:6)
  5 kobolds
  3 leopard gecko skeletons
  A leopard gecko zombie (D:6)
  2 quokka skeletons
  A quokka zombie (D:6)
  6 rats
153 creatures vanquished.

Vanquished Creatures (others)
  An orc wizard (D:6)
  A worker ant zombie (D:6)
2 creatures vanquished.

Grand Total: 155 creatures vanquished

Notes
Turn   | Place    | Note
-------+----------+-------------------------------------------
     0 | D:1      | Gildeon the Gargoyle Earth Elementalist began the quest for the Orb.
     0 | D:1      | Reached XP level 1. HP: 10/10 MP: 3/3
   414 | D:1      | Reached XP level 2. HP: 15/15 MP: 0/5
   426 | D:1      | Learned a level 2 spell: Passwall
   873 | D:2      | Reached XP level 3. HP: 19/19 MP: 4/6
   884 | D:2      | Learned a level 3 spell: Stone Arrow
   896 | D:2      | Noticed Jessica
  1184 | D:2      | Found a burning altar of Makhleb.
  1754 | D:2      | Killed Jessica
  1754 | D:2      | Reached XP level 4. HP: 24/24 MP: 5/8
  2044 | D:3      | Reached XP level 5. HP: 28/28 MP: 5/9
  2050 | D:3      | Reached skill level 5 in Earth Magic
  2056 | D:3      | Learned a level 4 spell: Petrify
  2219 | D:3      | Reached skill level 1 in Transmutations
  2406 | D:3      | Reached XP level 6. HP: 32/32 MP: 9/11
  2550 | D:3      | Found a snail-covered altar of Cheibriados.
  2550 | D:3      | Found an iron altar of Okawaru.
  2726 | D:4      | Found a blossoming altar of Fedhas.
  2728 | D:4      | Found a stormy altar of Qazlal.
  2870 | D:4      | Found Fageyx's Assorted Antiques.
  2891 | D:4      | Found a runed door.
  2897 | D:4      | Noticed Ripsaw's ghost (amateur DENe)
  2951 | D:4      | Found an ornate altar of the Wu Jian Council.
  2957 | D:4      | Reached skill level 5 in Stealth
  3036 | D:4      | Reached skill level 1 in Conjurations
  3036 | D:4      | Reached XP level 7. HP: 36/36 MP: 7/13
  3186 | D:4      | Found a shattered altar of Ashenzari.
  3457 | D:5      | Entered Level 5 of the Dungeon
  3856 | D:5      | Found a staircase to the Ecumenical Temple.
  3871 | Temple   | Entered the Ecumenical Temple
  3878 | Temple   | Became a worshipper of Sif Muna the Loreminder
  4104 | D:5      | Learned a level 5 spell: Lee's Rapid Deconstruction
  4140 | D:5      | Found a sparkling altar of Nemelex Xobeh.
  4298 | D:5      | Reached skill level 5 in Spellcasting
  4298 | D:5      | Reached XP level 8. HP: 35/41 MP: 10/15
  4376 | D:6      | Learned a level 2 spell: Throw Frost
  4585 | D:6      | Reached skill level 1 in Fighting
  4585 | D:6      | Reached skill level 1 in Armour
  4620 | D:6      | Reached skill level 1 in Invocations
  4649 | D:6      | Reached * piety under Sif Muna
  4649 | D:6      | Reached skill level 1 in Ice Magic
  4800 | D:6      | Noticed Pikel
  4828 | D:6      | Killed Pikel
  4828 | D:6      | Reached skill level 1 in Maces & Flails
  4828 | D:6      | Reached skill level 5 in Conjurations
  4828 | D:6      | Reached skill level 1 in Evocations
  4828 | D:6      | Reached XP level 9. HP: 39/48 MP: 1/16
  4831 | D:6      | Learned a level 1 spell: Freeze
  5506 | D:7      | Noticed Joseph
  5861 | D:7      | Reached skill level 5 in Transmutations
  5885 | D:7      | Killed from afar by an orc wizard

Vault maps used:
D:1:      nicolae_arrival_somewhat_less_tricky_arrival
D:2:      lemuel_round_altar, uniq_jessica
D:3:      amethyst_overflow_temple_binary, serial_glass, glass_columns_c,
          glass_columns_b, item_on_display_a, due_unseen_surprise,
          minmay_strange_pillars
D:4:      grunt_temple_overflow_forces_of_nature, kennysheep_mini,
          marbit_many_paths, serial_shops, shop, ebering_ghost_reflecting_pool,
          first_ration, minivault_19, minmay_misc_feat_chi
D:5:      kennysheep_mini_moat, minmay_temple_entry_statues_fountains,
          roderic_lattice_a
D:6:      serial_undead, serial_undead_a, serial_undead_c, serial_undead_f,
          serial_undead_d, serial_undead_b, serial_undead_d,
          grunt_decor_resistance, uniq_pikel
D:7:      uniq_crazy_yiuf_cottage, uniq_joseph
Temple:   eino_temple_lava

Skill      XL: |  1  2  3  4  5  6  7  8  9 |
---------------+----------------------------+-----
Earth Magic    | 4 5 |  5.0
Stealth        | 3 4 5 |  5.0
Spellcasting   | 3 4 5 |  5.0
Transmutations | 1 2 3 4 5 |  5.0
Conjurations   | 1 3 5 |  5.0
Fighting       | 2 3 |  3.0
Armour         | 2 3 |  3.0
Invocations    | 2 |  2.5
Ice Magic      | 1 2 |  2.3
Maces & Flails | 1 2 |  2.0
Evocations     | 1 |  1.4
Dodging        | 2 |  2.0

Action                   |  1- 3 |  4- 6 |  7- 9 || total
-------------------------+-------+-------+-------++-------
Melee: Club              |    20 |     1 |       ||    21
       Unarmed           |     2 |       |       ||     2
       Whip              |       |     8 |   183 ||   191
 Cast: Sandblast         |    43 |    67 |    98 ||   208
       Stone Arrow       |       |       |    19 ||    19
       Petrify           |       |       |     2 ||     2
       Lee's Rapid Decon |       |       |     1 ||     1
Evoke: Wand              |       |       |     1 ||     1
  Use: Scroll            |     4 |     5 |     5 ||    14
       Potion            |       |       |     5 ||     5
 Stab: Sleeping          |     2 |     5 |     4 ||    11
  Eat: Chunk             |     3 |     4 |     4 ||    11
       Ration            |       |       |     2 ||     2
Armor: Robe              |    14 |     3 |   101 ||   118
Dodge: Dodged            |    24 |    17 |   163 ||   204
Block: Other             |       |       |     2 ||     2

Table legend:
 A = Spawn XP
 B = Non-spawn XP
 C = Spawn XP percentage of total XP
 D = Spawn monster count
 E = Non-spawn monster count
 F = Spawn count percentage of total count
 G = Total turns spent on level
                    A         B        C        D         E        F      G
               +---------+---------+-------+---------+---------+-------+---------
         Total |       0 |    3442 |   0.0 |       0 |     152 |   0.0 |  5885
               +---------+---------+-------+---------+---------+-------+---------
           D:1 |       0 |      32 |   0.0 |       0 |      19 |   0.0 |   842
           D:2 |       0 |      61 |   0.0 |       0 |      14 |   0.0 |   950
           D:3 |       0 |     255 |   0.0 |       0 |      30 |   0.0 |   833
           D:4 |       0 |     409 |   0.0 |       0 |      22 |   0.0 |   832
           D:5 |       0 |     606 |   0.0 |       0 |      17 |   0.0 |   837
           D:6 |       0 |    1396 |   0.0 |       0 |      33 |   0.0 |  1116
           D:7 |       0 |     683 |   0.0 |       0 |      17 |   0.0 |   402
               +---------+---------+-------+---------+---------+-------+---------
